 Dungeon Crawl Stone Soup version 0.23.0 (webtiles) character file.

Game seed: 7377274465207753901

3409256 Rhok the Talismancer (level 27, 232/290 HPs)
             Began as a Deep Dwarf Hunter on Feb 9, 2019.
             Was the Champion of Makhleb.
             Escaped with the Orb
             ... and 5 runes!
             The game lasted 03:14:42 (64559 turns).

Rhok the Talismancer (Deep Dwarf Hunter)           Turns: 64559, Time: 03:14:43

Health: 232/290    AC: 46    Str: 29    XL:     27
Magic:  9/9        EV: 15    Int:  9    God:    Makhleb [******]
Gold:   3526       SH: 33    Dex: 15    Spells: 11/26 levels left

rFire    + . .     SeeInvis .   K - +9 broad axe (elec)
rCold    + . .     Gourm    .   e - +4 large shield
rNeg     + . .     Faith    .   H - +2 gold dragon scales
rPois    +         Spirit   .   (helmet restricted)
rElec    +         Reflect  +   h - +2 cloak
rCorr    .         Harm     .   g - +2 pair of gloves
MR       ++++.                  W - +1 pair of boots
Stlth    ..........             b - +4 amulet of reflection
HPRegen  0.00/turn              m - +6 ring of protection
MPRegen  0.11/turn              x - ring of Taubenla {rElec rPois Dex+3 Slay+2}

@: non-regenerating, hasted, very quick
A: damage resistance, heal wounds, horns 1, icy blue scales 1, iridescent scales
1, blink, clumsy 1, deterioration 1, dopey 2, negative energy resistance 1,
sense surroundings 3, screaming 3, strong 1, no potion heal 1, no regeneration
0: Orb of Zot
}: 5/15 runes: decaying, serpentine, slimy, silver, abyssal
a: Heal Wounds, Blink, Minor Destruction, Lesser Servant of Makhleb, Major
Destruction, Greater Servant of Makhleb, Renounce Religion


You escaped.
You worshipped Makhleb.
Makhleb was exalted by your worship.
You were very full.

You visited 16 branches of the dungeon, and saw 60 of its levels.
You visited the Abyss 3 times.
You also visited: Trove, Bailey and Wizlab.

You collected 8195 gold pieces.
You spent 4669 gold pieces at shops.

Inventory:

Hand Weapons
 D - the +8 broad axe of Oozing Pus {vamp, rN+ Str+3 Int-3}
   (You found it in a treasure trove)

   It inflicts no extra harm, but heals its wielder when it wounds a living foe.
   It affects your strength (+3).
   It affects your intelligence (-3).
   It protects you from negative energy.
 K - a +9 broad axe of electrocution (weapon)
Missiles
 d - 3 throwing nets (quivered)
Armour
 e - a +4 large shield (worn)
 g - a +2 pair of gloves (worn)
 h - a +2 cloak (worn)
 v - a +2 helmet
 H - +2 gold dragon scales (worn)
 W - a +1 pair of boots (worn)
Jewellery
 b - a +4 amulet of reflection (around neck)
 m - a +6 ring of protection (left hand)
 p - an uncursed ring of protection from cold
 x - the ring of Taubenla (right hand) {rElec rPois Dex+3 Slay+2}
   (You found it on level 2 of the Depths)

   [ring of dexterity]

   It affects your dexterity (+3).
   It affects your accuracy and damage with ranged weapons and melee attacks
   (+2).
   It insulates you from electricity.
   It protects you from poison.
 F - an uncursed ring of protection from fire
 P - an uncursed ring of protection from magic
Wands
 c - a wand of scattershot (7)
 E - a wand of disintegration (19)
 I - a wand of enslavement (3)
 R - a wand of iceblast (34)
 U - a wand of clouds (26)
 V - a wand of acid (20)
 X - a wand of digging (4)
Scrolls
 a - 17 scrolls of remove curse
 l - 5 scrolls of fog
 r - 8 scrolls of identify
 t - 3 scrolls of magic mapping
 z - 4 scrolls of blinking
 C - 3 scrolls of summoning
 L - 5 scrolls of torment
 M - 10 scrolls of teleportation
 N - 8 scrolls of immolation
 Q - 9 scrolls of amnesia
 Z - 4 scrolls of fear
Potions
 i - 2 potions of haste
 j - 4 potions of lignification
 k - 9 potions of curing
 n - 8 potions of agility
 o - 6 potions of invisibility
 s - 7 potions of magic
 u - 4 potions of berserk rage
 A - a potion of cancellation
 B - 2 potions of ambrosia
 G - 2 potions of mutation
 J - 3 potions of might
 O - a potion of heal wounds
 S - 11 potions of brilliance
Miscellaneous
 q - a phial of floods
 w - the horn of Geryon
 y - 4 boxes of beasts
 T - a sack of spiders
 Y - a fan of gales
Comestibles
 f - 70 rations


   Skills:
 - Level 25.1 Fighting
 - Level 18.8 Axes
 - Level 3.6 Throwing
 * Level 21.3 Armour
 - Level 16.0 Dodging
 - Level 1.2 Stealth
 - Level 22.2 Shields
 - Level 14.5 Invocations
 O Level 27 Evocations


You had 11 spell levels left.
You knew the following spells:

 Your Spells              Type           Power        Failure   Level  Hunger
a - Blink                 Tloc           N/A          100%        2    ###....
b - Spectral Weapon       Hex/Chrm       #.......     100%        3    ####...
c - Controlled Blink      Tloc           N/A          100%        8    #######
d - Passwall              Tmut/Erth      #.......     100%        2    ###....

Your spell library contained the following spells:

 Spells                   Type           Power        Failure   Level  Hunger
 Animate Skeleton         Necr           N/A          99%         1    ##.....
 Apportation              Tloc           #.....       99%         1    ##.....
 Confusing Touch          Hex            #.....       99%         1    ##.....
 Corona                   Hex            #......      99%         1    ##.....
 Flame Tongue             Conj/Fire      #....        99%         1    ##.....
 Freeze                   Ice            #...         99%         1    ##.....
 Infusion                 Chrm           #...         99%         1    ##.....
 Magic Dart               Conj           #...         99%         1    ##.....
 Sandblast                Erth           #.....       99%         1    ##.....
 Sting                    Conj/Pois      #...         99%         1    ##.....
 Summon Small Mammal      Summ           #...         99%         1    ##.....
 Call Imp                 Summ           #.......     100%        2    ###....
 Corpse Rot               Necr           N/A          100%        2    ###....
 Poisonous Vapours        Pois/Air       #.....       100%        2    ###....
 Searing Ray              Conj           #.....       100%        2    ###....
 Shroud of Golubria       Chrm/Tloc      #.........   100%        2    ###....
 Slow                     Hex            #.......     100%        2    ###....
 Song of Slaying          Chrm           #.......     100%        2    ###....
 Sticks to Snakes         Tmut           #.......     100%        2    ###....
 Sublimation of Blood     Necr           #.........   100%        2    ###....
 Throw Frost              Conj/Ice       #.....       100%        2    ###....
 Conjure Flame            Conj/Fire      #.......     100%        3    ####...
 Dazzling Spray           Conj/Hex       #.....       100%        3    ####...
 Gell's Gravitas          Tloc           #.........   100%        3    ####...
 Ignite Poison            Fire/Tmut/Pois #.......     100%        3    ####...
 Inner Flame              Hex/Fire       #.......     100%        3    ####...
 Lesser Beckoning         Tloc           #.........   100%        3    ####...
 Mephitic Cloud           Conj/Pois/Air  #.......     100%        3    ####...
 Ozocubu's Armour         Chrm/Ice       #.......     100%        3    ####...
 Portal Projectile        Hex/Tloc       #.....       100%        3    ####...
 Recall                   Summ/Tloc      N/A          100%        3    ####...
 Stone Arrow              Conj/Erth      #.....       100%        3    ####...
 Teleport Other           Tloc           #.......     100%        3    ####...
 Vampiric Draining        Necr           #.........   100%        3    ####...
 Cause Fear               Hex            #.........   100%        4    #####..
 Force Lance              Conj/Tloc      #.......     100%        4    #####..
 Fulminant Prism          Conj/Hex       #.........   100%        4    #####..
 Iskenderun's Mystic Bla  Conj           #.......     100%        4    #####..
 Leda's Liquefaction      Hex/Erth       #.........   100%        4    #####..
 Olgreb's Toxic Radiance  Pois           #.......     100%        4    #####..
 Petrify                  Tmut/Erth      #.......     100%        4    #####..
 Summon Ice Beast         Ice/Summ       #.......     100%        4    #####..
 Throw Icicle             Conj/Ice       #.......     100%        4    #####..
 Agony                    Necr           #.......     100%        5    ######.
 Aura of Abjuration       Summ           #.........   100%        5    ######.
 Bolt of Draining         Conj/Necr      #.........   100%        5    ######.
 Bolt of Magma            Conj/Fire/Erth #.........   100%        5    ######.
 Dispel Undead            Necr           #.......     100%        5    ######.
 Excruciating Wounds      Chrm/Necr      #.........   100%        5    ######.
 Irradiate                Conj/Tmut      #.........   100%        5    ######.
 Iskenderun's Battlesphe  Conj/Chrm      #.......     100%        5    ######.
 Lee's Rapid Deconstruct  Erth           #.........   100%        5    ######.
 Metabolic Englaciation   Hex/Ice        #.........   100%        5    ######.
 Summon Demon             Summ           #.........   100%        5    ######.
 Summon Forest            Summ/Tloc      #.........   100%        5    ######.
 Summon Mana Viper        Hex/Summ       #.......     100%        5    ######.
 Venom Bolt               Conj/Pois      #.........   100%        5    ######.
 Bolt of Fire             Conj/Fire      #.........   100%        6    #######
 Death Channel            Necr           #.........   100%        6    #######
 Dispersal                Tloc           #.........   100%        6    #######
 Freezing Cloud           Conj/Ice/Air   #.........   100%        6    #######
 Iron Shot                Conj/Erth      #.........   100%        6    #######
 Ozocubu's Refrigeration  Ice            #.........   100%        6    #######
 Poison Arrow             Conj/Pois      #.........   100%        6    #######
 Shadow Creatures         Summ           N/A          100%        6    #######
 Dragon Form              Tmut           #.........   100%        7    #######
 Orb of Destruction       Conj           #.........   100%        7    #######
 Ring of Flames           Chrm/Fire      #.........   100%        7    #######
 Spellforged Servitor     Conj/Summ      #.........   100%        7    #######
 Chain Lightning          Conj/Air       #.........   100%        8    #######
 Disjunction              Tloc           #.........   100%        8    #######
 Lehudib's Crystal Spear  Conj/Erth      #.........   100%        8    #######
 Dragon's Call            Summ           #.........   100%        9    #######
 Fire Storm               Conj/Fire      #.........   100%        9    #######
 Glaciate                 Conj/Ice       #.........   100%        9    #######
 Regeneration             Chrm/Necr      Unusable     N/A         3    N/A
 Passage of Golubria      Tloc           Unusable     N/A         4    N/A

Dungeon Overview and Level Annotations

Branches:
Dungeon (15/15)            Temple (1/1) D:6            Lair (6/6) D:8
  Swamp (4/4) Lair:2        Snake (4/4) Lair:2        Slime (5/5) Lair:6
    Orc (2/2) D:10            Elf (0/3) Orc:2        Vaults (5/5) D:14
  Crypt (3/3) Vaults:2     Depths (5/5) D:15           Hell (1/1)
    Dis (1/7) Hell            Geh (1/7) Hell            Coc (1/7) Hell
    Tar (1/7) Hell            Zot (5/5) Depths:5
   Tomb: Crypt:3

Altars:
Ashenzari
Cheibriados
Dithmenos
Elyvilon
Fedhas
Gozag
Hepliaklqana
Kikubaaqudgha
Makhleb
Nemelex Xobeh
Okawaru
Qazlal
Ru
Sif Muna
Trog
Uskayaw
Vehumet
Wu Jian
Xom
Yredelemnul
Zin
The Shining One
Beogh
Jiyva

Shops:
Orc:2 [(}   Snake:1 =}}?   Snake:2 :   Vaults:1 (%   Vaults:4 =   Depths:1 [(
Depths:2 }

Portals:
Hell: Depths:1 Depths:2 Depths:3 Depths:4 Depths:5
Abyss: Depths:4
Pandemonium: Depths:3 Depths:4
Ziggurat: Depths:2

Annotations:
D:5 2 transporters, TheDeathLetter's ghost, novice MiFi
D:11 Sonja
Lair:2 exclusion: downstairs
Lair:6 exclusion: 4 oklob plants
Snake:2 2 transporters, bosm's ghost, adept KoHu
Vaults:2 1 runed translucent door, Iruwiet's ghost, veteran MiBe
Crypt:1 2 transporters
Depths:2 2 transporters, Masnef's ghost, adept FeEn
Depths:5 TROVE SLIMY RUNE OF ZOT, 1 exclusion
Zot:3 2 transporters, ShutUppercut's ghost, legendary DsGl


Innate Abilities, Weirdness & Mutations

You are resistant to damage.
You can heal yourself by infusing magical energy.
You resist negative energy. (rN+)
You passively map a large area around you.
You do not regenerate.
You have a pair of small horns on your head.
You are partially covered in icy blue scales. (AC +2)
You are partially covered in iridescent scales. (AC +2)
You can translocate small distances at will.
You are clumsy. (Dex -2)
Your body sometimes deteriorates upon taking damage.
You are very dopey. (Int -4)
You frequently scream uncontrollably at your foes.
Your muscles are strong. (Str +2)
Potions are less effective at restoring your health.


Message History

You reflect the stone off an invisible shield around you!
The stone hits the cherub!
The cherub shoots a stone.
You reflect the stone off an invisible shield around you!
The stone hits the cherub!
The cherub shoots a stone.
You reflect the stone off an invisible shield around you!
The stone hits the cherub!
An Ice Fiend and a pandemonium lord come into view.
Huraicujo moves out of view.
The Ice Fiend moves out of view.
A chaos spawn comes into view.
You feel yourself speed up.
The cherub shoots a stone.
You reflect the stone off an invisible shield around you!
The stone hits the cherub!!
The Ice Fiend roars!
You block the chaos spawn's attack.
The teleport trap disappears.
The chaos spawn disappears!
You see here a club.
There is a staircase leading out of the dungeon here.
You have escaped!

#########
........##########
.................##
..................#
..............##@##
..............####
##.#.#####.####
#.#.# ###.# #.#.#
#...# #.#.###.###
#.#.##..# #.#.##.##
#.#.##.#


There were no monsters in sight!

Vanquished Creatures
  the Royal Jelly (Slime:5)
  Khufu (Crypt:3)
  4 ancient liches
  Mara (Vaults:3)
  5 orbs of fire
  4 juggernauts
  2 shard shrikes
  2 Killer Klowns (Zot:5)
  Saint Roka (Orc:1)
  Margery (Depths:3)
  2 caustic shrikes
  3 curse toes
  Geryon (Hell)
  10 golden dragons
  2 electric golems
  4 bone dragons
  Rupert (Lair:3)
  2 Hell Sentinels
  A hellephant (Abyss:3)
  14 tentacled monstrosities
  5 liches
  3 quicksilver dragons
  26 Orb Guardians
  4 titans
  A sphinx (Zot:5)
  29 acid blobs
  6 tentacled starspawn
  An ancient champion (Crypt:2)
  Kirke (D:15)
  6 death cobs
  11 tengu reavers
  Frances (D:13)
  3 Executioners
  4 thorn hunters
  14 shadow dragons
  3 revenants
  15 storm dragons
  27 azure jellies
  5 nagarajas (Snake:4)
  A draconian monk (Depths:5)
  6 draconian knights
  9 fire giants
  5 deep elf sorcerers
  7 frost giants
  Louise (Swamp:1)
  2 cacodemons (Hell)
  6 draconian scorchers
  8 vault wardens
  An emperor scorpion (shapeshifter) (Vaults:5)
  2 ghost moths
  2 balrugs
  2 ghouls
  3 curse skulls (Crypt:2)
  4 draconian annihilators
  An angel (Abyss:3)
  7 ironheart preservers
  A reaper (Hell)
  A spriggan defender (Depths:1)
  22 very ugly things
  The ghost of Cicylist the Cleaver, a journeyman FoFi of Okawaru (D:14)
  7 draconian shifters
  8 war gargoyles
  4 draconian stormcallers
  2 ophanim (Abyss:3)
  17 stone giants
  8 green draconians
  2 entropy weavers
  7 vampire knights
  2 deep elf demonologists
  18 black draconians
  11 purple draconians
  7 yellow draconians
  8 white draconians
  6 red draconians
  The ghost of Folque the Geomancer, a journeyman DrEE of Sif Muna (D:13)
  A lorocyproca (Hell)
  A deep elf annihilator (Vaults:4)
  3 crystal guardians (Crypt:3)
  3 eidola
  12 ettins
  23 death oozes
  4 blizzard demons
  9 jiangshi
  Snorg (Lair:3)
  A merfolk impaler (Depths:2)
  7 fire dragons
  Josephine (Lair:6)
  5 deep elf death magi
  A merfolk javelineer (Depths:2)
  A deep elf high priest (Vaults:5)
  7 great orbs of eyes
  The ghost of TheDeathLetter the Carver, a journeyman MiFi of Okawaru (D:10)
  2 hell beasts (Hell)
  3 rakshasas
  18 hydras
  13 yaktaur captains
  24 vault guards
  2 shambling mangroves
  4 ghost crabs
  22 naga warriors
  8 ice dragons
  19 anacondas
  A quicksilver dragon skeleton (Crypt:1)
  2 spriggan air magi
  43 two-headed ogres
  5 alligators
  8 death knights
  The ghost of Hylith the Cleaver, a novice MiBe of Trog (D:8)
  A merfolk avatar (Lair:6)
  A death yak (Lair:2)
  10 dancing weapons
  14 centaur warriors
  10 deep troll earth magi
  4 titan zombies
  10 ogre magi
  5 tengu warriors
  6 vampire magi
  10 deep troll shamans
  6 sun demons
  7 thrashing horrors
  4 spriggan berserkers
  2 orc high priests
  5 deep elf knights
  2 iron golems (Hell)
  13 naga sharpshooters
  12 shock serpents
  3 iron trolls
  22 large abominations
  4 soul eaters (Hell)
  Nergalle (D:11)
  30 hell knights
  A sixfirhy (Hell)
  A titan skeleton (Abyss:2)
  3 spatial maelstroms
  30 skeletal warriors
  4 shadow wraiths
  10 salamander mystics
  7 wretched stars
  3 spriggan druids
  A storm dragon skeleton (Abyss:2)
  2 golden dragon zombies
  13 unseen horrors
  2 cherubim (Abyss:3)
  A shadow demon (Abyss:2)
  8 flayed ghosts
  10 naga ritualists
  3 anaconda zombies
  5 glowing orange brains
  A spectral hydra (Swamp:4)
  11 harpies
  A ghost moth zombie (Hell)
  2 wizards
  22 deep trolls
  6 swamp dragons
  A shadow dragon zombie (Crypt:1)
  11 ironbrand convokers
  A tengu zombie (Depths:2)
  10 deep elf archers
  10 phantasmal warriors
  2 anaconda skeletons
  4 lindwurms (Snake:4)
  16 mana vipers
  15 orc knights
  48 ugly things
  A wolf spider zombie (Hell)
  22 necromancers
  An orb spider (shapeshifter) (Vaults:3)
  30 deep elf magi
  Pikel (D:5)
  5 wolf spiders
  2 orb spiders (Abyss:2)
  An iron dragon zombie (Hell)
  A frost giant zombie (Crypt:1)
  6 shining eyes
  2 orc sorcerers (Orc:2)
  A cyclops (shapeshifter) (Depths:2)
  A spriggan zombie (Depths:2)
  49 slime creatures
  20 salamanders
  11 cyclopes
  A worldbinder (Abyss:1)
  An elephant (shapeshifter) (D:10)
  12 elephants
  An iron dragon skeleton (Crypt:3)
  A stone giant skeleton (Depths:2)
  3 dire elephant zombies
  28 naga magi
  23 moths of wrath
  A frost giant skeleton (Depths:2)
  2 black mambas (shapeshifter)
  13 guardian serpents
  4 eyes of devastation
  9 apocalypse crabs
  10 rust devils
  12 smoke demons
  2 ice statues (Hell)
  47 black mambas
  7 vault sentinels
  A water nymph (shapeshifter) (Depths:5)
  2 torpor snails
  A storm dragon simulacrum (Abyss:2)
  A spiny frog (shapeshifter) (Vaults:3)
  2 gargoyles
  4 centaur skeletons
  17 spiny frogs
  4 rime drakes
  8 orange demons
  15 freezing wraiths
  4 swamp worm zombies (Swamp:4)
  3 kobold demonologists
  7 efreet
  5 ice devils
  42 yaktaurs
  An anaconda simulacrum (Crypt:2)
  A rime drake (shapeshifter) (Depths:3)
  6 komodo dragons
  3 yaktaurs (shapeshifter)
  5 hellwings (Zot:5)
  A catoblepas skeleton (Crypt:1)
  2 hellions
  3 hydra zombies (Hell)
  A tormentor (Hell)
  A demonic crawler (Abyss:1)
  7 tengu conjurers
  6 red devils
  2 harpy zombies
  8 ancient zymes
  3 meliai (D:14)
  10 tyrant leeches
  A wind drake (Lair:6)
  5 polar bears
  2 queen bees (shapeshifter) (D:10)
  8 trolls
  A shadow dragon simulacrum (Vaults:4)
  A polar bear (shapeshifter) (Abyss:3)
  A wolf spider simulacrum (D:13)
  5 alligator zombies
  24 hornets
  A harpy skeleton (D:15)
  5 spectral swamp dragons (Swamp:4)
  2 ettin zombies
  10 bog bodies
  37 raiju
  8 dream sheep
  20 blink frogs
  A fire giant simulacrum (Vaults:4)
  2 hydra skeletons
  7 hippogriffs
  A fire dragon zombie (Crypt:3)
  A satyr zombie (Crypt:1)
  A guardian serpent zombie (Crypt:1)
  2 stone giant simulacra
  2 meliai zombies
  An air elemental (Abyss:3)
  A black mamba zombie (Crypt:1)
  15 spriggans
  An alligator skeleton (Hell)
  30 flying skulls
  A tarantella (shapeshifter) (Vaults:2)
  3 centaur simulacra
  4 redbacks
  A fire bat (shapeshifter) (D:13)
  6 shadows
  A tarantella (Vaults:2)
  10 water elementals
  6 fire elementals (Hell)
  18 wraiths
  2 vampires
  24 yaks
  5 ynoxinuls
  2 ettin skeletons
  6 wyverns
  3 hungry ghosts
  9 golden eyes
  A hog (D:15)
  7 basilisks
  A yaktaur simulacrum (Vaults:2)
  14 swamp worms
  2 wargs
  Grum (D:11)
  4 chaos spawn
  An emperor scorpion simulacrum (Hell)
  25 vampire mosquitoes
  11 neqoxecs
  4 spatial vortices
  33 insubstantial wisps
  45 nagas
  9 water moccasins
  A spiny frog zombie (Hell)
  4 acid dragons
  17 small abominations
  16 hell hounds
  A merfolk skeleton (Crypt:1)
  7 porcupines
  3 floating eyes
  2 floating eyes (shapeshifter)
  43 orc warriors
  2 black bears
  6 ice beasts
  A monstrous demonspawn skeleton (Crypt:1)
  8 swamp drakes
  4 sky beasts
  A black bear (shapeshifter) (Vaults:1)
  2 meliai simulacra (D:13)
  An alligator simulacrum (Hell)
  8 phantoms
  A spiny frog skeleton (Hell)
  9 necrophages
  39 centaurs
  2 eyes of draining
  25 ogres
  7 swamp dragon zombies (Swamp:4)
  23 wolves
  23 crocodiles
  5 big kobolds
  A fire crab zombie (Crypt:2)
  20 bullfrogs
  A wyvern zombie (D:10)
  5 scorpions
  6 killer bees (D:9)
  A polar bear zombie (Crypt:2)
  5 human simulacra
  A snapping turtle simulacrum (Abyss:2)
  A swamp dragon simulacrum (Crypt:2)
  A spriggan skeleton (Crypt:2)
  5 wights (Crypt:1)
  4 electric eels
  2 howler monkeys
  12 jellies
  15 crimson imps
  2 centaur zombies
  54 starcursed masses
  2 quasits
  A wyvern simulacrum (D:13)
  A human zombie (Crypt:2)
  4 hounds
  2 bullfrog zombies
  19 orc priests
  4 iron imps (Abyss:1)
  4 bullfrog skeletons
  4 iguanas
  26 orc wizards
  A spectral swamp drake (Swamp:4)
  14 worker ants
  12 hell rats (Hell)
  A bullfrog simulacrum (D:13)
  A crocodile skeleton (Crypt:2)
  2 hound zombies (D:5)
  An ogre skeleton (Crypt:2)
  2 mummies (Crypt:3)
  2 worker ant zombies
  4 gnolls (Bailey)
  A swamp drake zombie (Swamp:4)
  8 adders
  3 shadow imps
  4 white imps
  3 ufetubi
  3 oozes
  2 adder zombies
  A halfling zombie (Crypt:1)
  2 adder skeletons
  5 worms
  4 dart slugs
  8 leopard geckos
  112 orcs
  2 ball pythons (D:6)
  5 bats (D:2)
  5 giant cockroaches
  11 goblins
  11 hobgoblins
  17 jackals
  5 quokkas
  A ball python skeleton (D:6)
  A dart slug zombie (Crypt:2)
  5 frilled lizards
  A frilled lizard skeleton (Crypt:1)
  A frilled lizard zombie (Crypt:1)
  2 gnoll skeletons
  A jackal skeleton (Crypt:2)
  29 kobolds
  A kobold skeleton (Abyss:1)
  An orc skeleton (Crypt:3)
  4 rats
  A rat skeleton (Crypt:1)
  A river rat skeleton (Crypt:2)
  5 briar patches (Swamp:4)
  A crawling corpse (Vaults:4)
  2 fungi
  2 lurking horrors (Abyss:1)
  A plant (D:8)
  9 starspawn tentacles
2877 creatures vanquished.

Vanquished Creatures (collateral kills)
  A Killer Klown (Zot:5)
  A shadow dragon (Zot:3)
  An azure jelly (Slime:5)
  A vault warden (Vaults:4)
  An ice dragon (Vaults:4)
  2 deep troll shamans (Vaults:4)
  2 deep elf archers (Vaults:4)
  5 elephants (Lair:6)
  A polar bear (Lair:6)
  A wraith (Lair:6)
  An orc (Bailey)
  A goblin (Bailey)
  6 kobolds (Bailey)
24 creatures vanquished.

Vanquished Creatures (others)
  A Killer Klown (Zot:5)
  A curse toe (Zot:5)
  Asterion (Vaults:1)
  A stone giant (Depths:5)
  A very ugly thing (Swamp:1)
  A red draconian (Zot:3)
  A merfolk javelineer (Depths:2)
  A yaktaur captain (Depths:5)
  A hydra (Swamp:3)
  A vault guard (Vaults:5)
  A centaur warrior (Depths:1)
  A thrashing horror (Abyss:3)
  A deep elf knight (Vaults:2)
  A glowing orange brain (Vaults:4)
  A swamp dragon (Swamp:4)
  A deep elf archer (Vaults:4)
  2 necromancers
  2 salamanders (Snake:4)
  6 yaktaurs
  A freezing wraith (Crypt:2)
  3 hornets
  A tyrant leech (Swamp:4)
  A flying skull (Abyss:1)
  2 spriggans
  A redback (Vaults:5)
  2 golden eyes (Abyss:3)
  3 insubstantial wisps (Swamp:4)
  A phantom (Swamp:4)
  2 small abominations
  8 centaurs
  2 orc wizards (D:5)
  An orc priest (D:5)
  11 fungi
  A lurking horror (Abyss:2)
  24 plants
  14 starspawn tentacles
104 creatures vanquished.

Grand Total: 3005 creatures vanquished

Notes
Turn   | Place    | Note
-------+----------+-------------------------------------------
     0 | D:1      | Rhok the Deep Dwarf Hunter began the quest for the Orb.
     0 | D:1      | Reached XP level 1. HP: 19/19 MP: 1/1
   233 | D:1      | Reached XP level 2. HP: 19/27 MP: 2/2
   704 | D:2      | Reached XP level 3. HP: 11/34 MP: 3/3
   712 | D:2      | Found an opulent altar of Gozag.
  1495 | D:3      | Reached XP level 4. HP: 30/44 MP: 4/4
  1871 | D:3      | Reached XP level 5. HP: 32/51 MP: 4/4
  1930 | D:3      | Found a glowing golden altar of the Shining One.
  1939 | D:3      | Found a basalt altar of Yredelemnul.
  2140 | D:3      | Reached skill level 5 in Fighting
  2234 | D:3      | Reached skill level 1 in Axes
  2415 | D:4      | Reached XP level 6. HP: 49/61 MP: 5/5
  2916 | D:5      | Entered Level 5 of the Dungeon
  2916 | D:5      | Noticed Pikel
  2916 | D:5      | Noticed a slave
  2917 | D:5      | Noticed a slave
  2918 | D:5      | Noticed a slave
  2919 | D:5      | Noticed a slave
  2919 | D:5      | Noticed an ice beast
  3030 | D:3      | Noticed an angel
  3133 | D:5      | You fall through a shaft for 3 floors!
  3239 | D:6      | Reached skill level 1 in Evocations
  3239 | D:6      | Reached XP level 7. HP: 55/69 MP: 5/5
  3258 | D:6      | Found a shadowy altar of Dithmenos.
  3332 | D:6      | Reached skill level 2 in Evocations
  3470 | D:6      | Reached skill level 5 in Axes
  3716 | D:6      | Reached skill level 3 in Evocations
  3791 | D:5      | Found a shimmering altar of Xom.
  3830 | D:5      | Reached XP level 8. HP: 50/78 MP: 8/8
  3870 | D:5      | Found a transporter.
  3877 | D:5      | Noticed TheDeathLetter's ghost (novice MiFi)
  3888 | D:5      | Found a transporter.
  4121 | D:5      | Reached skill level 4 in Evocations
  4166 | D:5      | Killed Pikel
  4166 | D:5      | Reached skill level 5 in Evocations
  4854 | D:6      | Found a deep blue altar of Sif Muna.
  4903 | D:6      | Found a staircase to the Ecumenical Temple.
  4916 | D:6      | Gained mutation: You passively map the area around you.
                  | [Deep Dwarf growth]
  4916 | D:6      | Reached XP level 9. HP: 38/86 MP: 11/11
  4923 | Temple   | Entered the Ecumenical Temple
  5037 | Temple   | Became a worshipper of Makhleb the Destroyer
  5254 | D:7      | Found a sacrificial altar of Ru.
  5275 | D:7      | Found a sparkling altar of Nemelex Xobeh.
  5282 | D:7      | Reached skill level 6 in Evocations
  5770 | D:8      | Found a bloodstained altar of Trog.
  6178 | D:8      | Found a staircase to the Lair.
  6462 | D:8      | Reached skill level 10 in Axes
  6683 | D:8      | Found a hazy altar of Hepliaklqana.
  6765 | D:8      | Reached XP level 10. HP: 63/96 MP: 10/10
  6815 | D:8      | Found a runed translucent gate.
  6816 | D:8      | Found a runed translucent gate.
  6816 | D:8      | Found a runed translucent gate.
  6816 | D:8      | Found a snail-covered altar of Cheibriados.
  6816 | D:8      | Noticed a nine-headed hydra
  6817 | D:8      | Noticed a nine-headed hydra
  6817 | D:8      | Noticed Hylith's ghost (novice MiBe)
  6902 | D:8      | Found a shattered altar of Ashenzari.
  6964 | D:8      | Reached * piety under Makhleb
  7037 | D:8      | I'll remember you axx :( LATER
  7109 | D:9      | Found an iron altar of Okawaru.
  7232 | D:9      | Reached skill level 1 in Armour
  7232 | D:9      | Reached skill level 1 in Shields
  7288 | D:9      | Found a stormy altar of Qazlal.
  7771 | D:10     | Entered Level 10 of the Dungeon
  7829 | D:10     | Found a hide-covered altar of Uskayaw.
  7851 | D:10     | Killed an unseen horror
  8139 | D:10     | Found a runed translucent gate.
  8139 | D:10     | Found a runed translucent gate.
  8140 | D:10     | Found a runed translucent gate.
  8140 | D:10     | Noticed a green ugly thing
  8140 | D:10     | Noticed a brown ugly thing
  8140 | D:10     | Noticed a green ugly thing
  8141 | D:10     | Noticed a purple ugly thing
  8168 | D:10     | Found a staircase to the Orcish Mines.
  8206 | D:10     | Reached ** piety under Makhleb
  8632 | Lair:1   | Entered Level 1 of the Lair of Beasts
  8639 | Lair:1   | Noticed a black mamba
  8666 | Lair:1   | Noticed a four-headed hydra
  8675 | Lair:1   | Killed a one-headed hydra
  8688 | Lair:1   | Reached XP level 11. HP: 75/103 MP: 10/10
  8771 | Lair:1   | Noticed a four-headed hydra
  8779 | Lair:1   | Killed a one-headed hydra
  8856 | Lair:1   | Reached skill level 5 in Armour
  8856 | Lair:1   | Reached skill level 5 in Shields
  9534 | Lair:2   | Found a staircase to the Snake Pit.
  9590 | Lair:2   | Reached *** piety under Makhleb
  9644 | Lair:2   | Found a staircase to the Swamp.
  9775 | Lair:2   | You fall through a shaft!
  9827 | Lair:3   | Reached skill level 1 in Invocations
  9932 | Lair:3   | Noticed Snorg
  9953 | Lair:3   | Killed Snorg
 10251 | Lair:3   | Reached XP level 12. HP: 102/114 MP: 11/11
 10341 | Lair:3   | Noticed Rupert
 10354 | Lair:3   | Noticed a death yak
 10398 | Lair:2   | Killed a death yak
 10503 | Lair:4   | Noticed a six-headed hydra
 10884 | Lair:4   | Noticed a seven-headed hydra
 10895 | Lair:4   | Killed a one-headed hydra
 10895 | Lair:4   | Reached **** piety under Makhleb
 10942 | Lair:4   | Reached skill level 5 in Invocations
 11527 | Lair:5   | Noticed an eight-headed hydra
 11553 | Lair:5   | Killed a one-headed hydra
 11581 | Lair:5   | Reached skill level 10 in Fighting
 12124 | Lair:5   | Noticed a five-headed hydra
 12133 | Lair:5   | Killed a one-headed hydra
 12533 | Lair:6   | Entered Level 6 of the Lair of Beasts
 12602 | Lair:6   | Reached XP level 13. HP: 126/126 MP: 12/14
 12670 | Lair:6   | Reached ***** piety under Makhleb
 12716 | Lair:6   | Found a staircase to the Slime Pits.
 13086 | Lair:6   | Paralysed by a hornet for 1 turns
 13580 | Lair:6   | Noticed Josephine
 13597 | Lair:6   | Killed Josephine
 13930 | Lair:3   | Killed Rupert
 14463 | D:8      | Killed Hylith's ghost
 14463 | D:8      | Gained mutation: You resist negative energy. (rN+) [Deep
                  | Dwarf growth]
 14463 | D:8      | Reached XP level 14. HP: 123/141 MP: 14/14
 14470 | D:8      | Reached skill level 5 in Dodging
 14596 | D:11     | Noticed Grum
 14638 | D:11     | Found an opulent altar of Gozag.
 14647 | D:11     | Killed Grum
 14844 | D:11     | Noticed Nergalle
 14851 | D:11     | Killed Nergalle
 15086 | D:11     | You fall through a shaft for 2 floors!
 15136 | D:13     | Noticed Folque's ghost (journeyman DrEE)
 15160 | D:13     | Noticed Frances
 15173 | D:13     | Killed Frances
 15312 | D:12     | Reached ****** piety under Makhleb
 15999 | D:13     | Reached skill level 10 in Shields
 16033 | D:13     | Reached skill level 10 in Armour
 16268 | D:13     | Found a runed translucent gate.
 16268 | D:13     | Found a runed translucent gate.
 16268 | D:13     | Found a runed translucent gate.
 16495 | D:14     | Found a blossoming altar of Fedhas.
 16853 | D:14     | Reached skill level 15 in Fighting
 16904 | D:14     | Found a runed translucent gate.
 16904 | D:14     | Found a runed translucent gate.
 16904 | D:14     | Found a runed translucent gate.
 16904 | D:14     | Noticed Cicylist's ghost (journeyman FoFi)
 16931 | D:14     | Found a flagged portal.
 16942 | D:14     | Reached XP level 15. HP: 154/154 MP: 13/13
 17001 | Bailey   | Entered a bailey
 17343 | D:14     | Learned a level 2 spell: Blink
 17347 | D:14     | Learned a level 3 spell: Spectral Weapon
 17351 | D:14     | Found a gate to the Vaults.
 17530 | D:15     | Entered Level 15 of the Dungeon
 17874 | D:15     | Noticed Kirke
 17881 | D:15     | Killed Kirke
 18122 | D:15     | Found a deep blue altar of Sif Muna.
 18742 | D:15     | Reached skill level 7 in Evocations
 18753 | D:15     | Found a staircase to the Depths.
 19041 | Orc:1    | Entered Level 1 of the Orcish Mines
 19110 | Orc:1    | Found a roughly hewn altar of Beogh.
 19368 | Orc:2    | Entered Level 2 of the Orcish Mines
 19524 | Orc:2    | Found a staircase to the Elven Halls.
 19720 | Orc:2    | Found a roughly hewn altar of Beogh.
 19900 | Orc:2    | Found a roughly hewn altar of Beogh.
 19905 | Orc:2    | Found Effaint's Gadget Shoppe.
 20125 | Orc:2    | Noticed Saint Roka
 20213 | Orc:1    | Killed Saint Roka
 20213 | Orc:1    | Reached skill level 8 in Evocations
 20353 | Orc:2    | Found Hiun's Antique Weapon Shoppe.
 20354 | Orc:2    | Found a roughly hewn altar of Beogh.
 20358 | Orc:2    | Found Kuphah's Antique Armour Emporium.
 20369 | Orc:2    | Bought a runed plate armour for 676 gold pieces
 20369 | Orc:2    | Bought a shiny helmet for 195 gold pieces
 20860 | Snake:1  | Entered Level 1 of the Snake Pit
 20863 | Snake:1  | Found Igiel's Gadget Boutique.
 20868 | Snake:1  | Reached XP level 16. HP: 146/165 MP: 12/12
 20869 | Snake:1  | Found Meudeliy's Jewellery Emporium.
 20872 | Snake:1  | Found Hiuvud's Gadget Boutique.
 20879 | Snake:1  | Bought an uncursed ring of protection from magic for 375
                  | gold pieces
 21187 | Snake:1  | Reached skill level 9 in Evocations
 21749 | Snake:1  | Found Faizoyc's Magic Scroll Emporium.
 21758 | Snake:1  | Bought a scroll of blinking for 97 gold pieces
 21758 | Snake:1  | Bought a scroll of teleportation for 39 gold pieces
 21758 | Snake:1  | Bought a scroll of enchant armour for 97 gold pieces
 22047 | Snake:2  | Found a transporter.
 22065 | Snake:2  | Found a transporter.
 22069 | Snake:2  | Noticed bosm's ghost (adept KoHu)
 22087 | Snake:2  | Reached skill level 10 in Evocations
 22399 | Snake:2  | Found Xiexzom's Book Emporium.
 22618 | Snake:3  | Reached skill level 15 in Shields
 22632 | Snake:3  | Reached skill level 11 in Evocations
 22847 | Snake:3  | Reached skill level 12 in Evocations
 23027 | Snake:3  | Reached XP level 17. HP: 159/172 MP: 16/16
 23237 | Snake:4  | Entered Level 4 of the Snake Pit
 23703 | Snake:4  | Reached skill level 10 in Invocations
 24603 | Snake:4  | Gained mutation: You passively map a large area around you.
                  | [Deep Dwarf growth]
 24603 | Snake:4  | Reached XP level 18. HP: 122/187 MP: 17/17
 24732 | Snake:4  | Got a serpentine rune of Zot
 25017 | Snake:1  | Bought a scroll of enchant weapon for 97 gold pieces
 25110 | Swamp:1  | Entered Level 1 of the Swamp
 25574 | Swamp:1  | Noticed Louise
 25593 | Swamp:1  | Killed Louise
 25878 | Swamp:2  | Found a radiant altar of Vehumet.
 26090 | Swamp:2  | Found an ancient bone altar of Kikubaaqudgha.
 27068 | Swamp:4  | Entered Level 4 of the Swamp
 27714 | Swamp:4  | Noticed a bone dragon
 27739 | Swamp:4  | Killed a bone dragon
 27746 | Swamp:4  | Got a decaying rune of Zot
 28834 | Vaults:1 | Entered Level 1 of the Vaults
 28902 | Vaults:1 | Reached XP level 19. HP: 185/197 MP: 18/18
 29009 | Vaults:1 | Noticed Asterion
 29032 | Vaults:1 | Killed Asterion
 29168 | Vaults:1 | Reached skill level 13 in Evocations
 29992 | Vaults:1 | Found Qoequzedd's Weapon Emporium.
 30013 | Vaults:1 | Found Vikahiwe's Food Emporium.
 30694 | Vaults:2 | Found a staircase to the Crypt.
 30908 | Vaults:2 | Found a runed translucent door.
 30908 | Vaults:2 | Found a shimmering altar of Xom.
 30908 | Vaults:2 | Noticed Iruwiet's ghost (veteran MiBe)
 32064 | Vaults:3 | Reached XP level 20. HP: 193/211 MP: 19/19
 32076 | Vaults:3 | Noticed Mara
 32081 | Vaults:3 | Noticed Rhok's illusion
 32089 | Vaults:3 | Killed Mara
 32786 | Vaults:4 | Found Edunt's Jewellery Emporium.
 32835 | Vaults:4 | Bought a +3 amulet of reflection for 251 gold pieces
 33926 | Depths:1 | Entered Level 1 of the Depths
 34093 | Depths:1 | Reached XP level 21. HP: 223/223 MP: 20/20
 34220 | Depths:1 | Found Ifuega's Weapon Shop.
 34220 | Depths:1 | Found Disilo's Antique Armour Boutique.
 34245 | Depths:1 | Bought a glowing chain mail for 232 gold pieces
 34245 | Depths:1 | Bought a runed chain mail for 232 gold pieces
 34247 | Depths:1 | Bought a pair of runed gloves for 232 gold pieces
 34703 | Vaults:4 | Bought an uncursed ring of protection from fire for 400
                  | gold pieces
 35241 | Depths:1 | Found a gateway to Hell.
 35246 | Depths:1 | Identified the Papyrus of Icy Clay
 35348 | Depths:2 | Got a translucent copper ring
 35350 | Depths:2 | Identified the ring of Taubenla {rElec rPois Dex+3 Slay+2}
                  | (You found it on level 2 of the Depths)
 35440 | Depths:2 | Found Qocoucsul's Gadget Emporium.
 35471 | Depths:2 | Identified the cursed +1 lajatang "Bazugin" {slice, rC+++
                  | Stlth+}
 35471 | Depths:2 | Identified the cursed +3 rapier of the Maze {flame, Str+6}
 35472 | Depths:2 | Noticed a juggernaut
 35473 | Depths:2 | Found a bloodstained altar of Trog.
 35473 | Depths:2 | Noticed Masnef's ghost (adept FeEn)
 35474 | Depths:2 | Found a transporter.
 35474 | Depths:2 | Noticed a juggernaut
 35593 | Depths:2 | Found a gateway to a ziggurat.
 35708 | Depths:2 | Found a transporter.
 35725 | Depths:2 | Reached skill level 15 in Axes
 36411 | Depths:2 | Found the cursed +13 scythe of Curses {drain, *Curse}
 36412 | Depths:2 | Noticed a golden dragon
 36418 | Depths:2 | Paralysed by a floating eye for 3 turns
 36442 | Depths:2 | Killed a golden dragon
 36746 | Depths:3 | Reached XP level 22. HP: 235/235 MP: 21/21
 37175 | Depths:3 | Found a one-way gate leading to the halls of Pandemonium.
 37181 | Depths:3 | Noticed Margery
 37201 | Depths:3 | Killed Margery
 38223 | Depths:4 | Paralysed by you for 7 turns
 38253 | Depths:4 | Paralysed by you for 4 turns
 38703 | Depths:4 | Found a one-way gate to the infinite horrors of the Abyss.
 38841 | Depths:5 | Entered Level 5 of the Depths
 38907 | Depths:5 | Found a portal to a secret trove of treasure.
 38910 | Depths:5 | Noticed a caustic shrike
 38919 | Depths:5 | Killed a caustic shrike
 38943 | Depths:5 | Noticed a juggernaut
 38965 | Depths:5 | Killed a juggernaut
 39212 | Depths:5 | Found a magical portal.
 39228 | WizLab   | Entered The Roulette of Golubria
 39228 | WizLab   | Found a transporter.
 39279 | Depths:5 | Found a gate to the Realm of Zot.
 40217 | Slime:1  | Entered Level 1 of the Pits of Slime
 40381 | Slime:5  | Entered Level 5 of the Pits of Slime
 40392 | Slime:5  | Gained mutation: You are frail. (-10% HP) [a shining eye]
 40400 | Slime:5  | Reached XP level 23. HP: 218/218 MP: 22/22
 40426 | Slime:5  | Found a viscous altar of Jiyva.
 40426 | Slime:5  | Noticed the Royal Jelly
 40644 | Slime:5  | Gained mutation: Your body sometimes deteriorates upon
                  | taking damage. [a shining eye]
 40872 | Slime:5  | Lost mutation: Your body sometimes deteriorates upon taking
                  | damage. [potion of mutation]
 40872 | Slime:5  | Lost mutation: You are frail. (-10% HP) [potion of
                  | mutation]
 40872 | Slime:5  | Gained mutation: You are occasionally teleported next to
                  | monsters. [potion of mutation]
 40872 | Slime:5  | Gained mutation: You are agile. (Dex +2) [potion of
                  | mutation]
 40872 | Slime:5  | Gained mutation: Your mind is acute. (Int +2) [potion of
                  | mutation]
 40873 | Slime:5  | Lost mutation: You are agile. (Dex +2) [potion of mutation]
 40873 | Slime:5  | Lost mutation: Your mind is acute. (Int +2) [potion of
                  | mutation]
 40873 | Slime:5  | Lost mutation: You are occasionally teleported next to
                  | monsters. [potion of mutation]
 40873 | Slime:5  | Gained mutation: You are partially covered in icy blue
                  | scales. (AC +2) [potion of mutation]
 40873 | Slime:5  | Gained mutation: You have sharp toenails. [potion of
                  | mutation]
 40873 | Slime:5  | Gained mutation: Your mind is acute. (Int +2) [potion of
                  | mutation]
 40894 | Slime:5  | Reached skill level 10 in Dodging
 41033 | Slime:4  | Gained mutation: Scrolls take you a little longer to read.
                  | [a shining eye]
 41118 | Slime:5  | Gained mutation: You occasionally shout uncontrollably at
                  | your foes. [a shining eye]
 41119 | Slime:5  | Lost mutation: Your mind is acute. (Int +2) [a shining eye]
 41121 | Slime:5  | Gained mutation: You are clumsy. (Dex -2) [a shining eye]
 41122 | Slime:5  | Gained mutation: You are resistant to hostile enchantments.
                  | (MR+) [a shining eye]
 41123 | Slime:5  | Gained mutation: Scrolls take you longer to read. [a
                  | shining eye]
 41132 | Slime:5  | Lost mutation: You have sharp toenails. [potion of
                  | mutation]
 41132 | Slime:5  | Lost mutation: Scrolls take you longer to read. [potion of
                  | mutation]
 41132 | Slime:5  | Lost mutation: Scrolls take you a little longer to read.
                  | [potion of mutation]
 41132 | Slime:5  | Lost mutation: You are resistant to hostile enchantments.
                  | (MR+) [potion of mutation]
 41132 | Slime:5  | Gained mutation: You expend magic power (3 MP) to
                  | strengthen your wands. [potion of mutation]
 41132 | Slime:5  | Gained mutation: Your spells are a little harder to cast,
                  | but a little more powerful. [potion of mutation]
 41251 | Slime:5  | Killed the Royal Jelly
 41514 | Slime:5  | Got a slimy rune of Zot
 41547 | Slime:5  | Identified Sif Muna's Grimoire of Mutagenic Dark Secrets
 41570 | Slime:5  | Identified the amulet "Copopsox" {Gourm Str+4 Int+6} (You
                  | found it on level 5 of the Pits of Slime)
 42144 | Depths:5 | You showed the slimy rune of Zot to enter a treasure trove
 42145 | Trove    | Entered a treasure trove
 42169 | Trove    | Identified the +1 broad axe "Ezatzup" {pain, rPois MR-
                  | Str+5 Stlth+} (You found it in a treasure trove)
 42188 | Trove    | Identified the +8 broad axe of Oozing Pus {vamp, rN+ Str+3
                  | Int-3} (You found it in a treasure trove)
 42191 | Trove    | Identified the +5 broad axe "Xisaymn" {distort, *Noise
                  | Str+6 Dex+8} (You found it in a treasure trove)
 42200 | Trove    | Identified the +8 broad axe "Xepuvu" {freeze, *Rage +Fly
                  | rN++ Int+2} (You found it in a treasure trove)
 42557 | D:13     | Killed Folque's ghost
 42597 | D:13     | Identified the ring "Akoux" {Fire +Blink Dex+4} (You found
                  | it on level 13 of the Dungeon)
 42926 | Zot:1    | Entered Level 1 of the Realm of Zot
 44525 | Zot:2    | Reached XP level 24. HP: 242/254 MP: 12/12
 44789 | Zot:2    | Reached skill level 14 in Evocations
 44805 | Zot:2    | Reached skill level 15 in Dodging
 45303 | Zot:3    | Found a transporter.
 45303 | Zot:3    | Noticed ShutUppercut's ghost (legendary DsGl)
 45312 | Zot:3    | Found a transporter.
 45313 | Zot:3    | Found the ring of Robustness {AC+8}
 45398 | Zot:3    | Noticed a Killer Klown
 45415 | Zot:3    | Noticed a shard shrike
 45415 | Zot:3    | a Killer Klown changed into a shard shrike
 45437 | Zot:3    | Killed a shard shrike
 45500 | Zot:3    | You fall through a shaft!
 45660 | Zot:3    | Reached skill level 15 in Evocations
 45751 | Zot:3    | Noticed an orb of fire
 45763 | Zot:3    | Gained mutation: Scrolls take you a little longer to read.
                  | [an orb of fire]
 45772 | Zot:3    | Killed an orb of fire
 47059 | Zot:5    | Entered Level 5 of the Realm of Zot
 47069 | Zot:5    | Reached skill level 16 in Evocations
 47249 | Hell     | Entered the Vestibule of Hell
 47249 | Hell     | Noticed Geryon
 47825 | Hell     | Gained mutation: You are dopey. (Int -2) [a cacodemon]
 47843 | Hell     | Reached XP level 25. HP: 267/267 MP: 13/13
 48520 | Hell     | Killed Geryon
 48587 | Hell     | Found a gateway to the ashen valley of Gehenna.
 48704 | Hell     | Found a gateway to the freezing wastes of Cocytus.
 48921 | Hell     | Found a gateway to the decaying netherworld of Tartarus.
 48962 | Hell     | Reached skill level 15 in Armour
 49105 | Hell     | Found a gateway to the Iron City of Dis.
 49197 | Coc:1    | Entered Level 1 of Cocytus
 49231 | Dis:1    | Entered Level 1 of the Iron City of Dis
 49266 | Geh:1    | Entered Level 1 of Gehenna
 49301 | Tar:1    | Entered Level 1 of Tartarus
 51173 | Snake:1  | Bought a wand of digging (5) for 306 gold pieces
 52264 | Zot:5    | Noticed an ancient lich
 52276 | Zot:5    | Killed an ancient lich
 52306 | Zot:5    | Noticed a Killer Klown
 52313 | Zot:5    | Noticed an orb of fire
 52316 | Zot:5    | Lost mutation: Your spells are a little harder to cast, but
                  | a little more powerful. [an orb of fire]
 52322 | Zot:5    | Gained mutation: You are very dopey. (Int -4) [an orb of
                  | fire]
 52332 | Zot:5    | Gained mutation: You tend to lose your temper in combat.
                  | [an orb of fire]
 52348 | Zot:5    | Noticed a Killer Klown
 52357 | Zot:5    | Lost mutation: You are very dopey. (Int -4) [an orb of
                  | fire]
 52359 | Zot:5    | Gained mutation: You are weak. (Str -2) [an orb of fire]
 52373 | Zot:5    | Killed a Killer Klown
 52379 | Zot:5    | Gained mutation: You are robust. (+10% HP) [an orb of fire]
 52383 | Zot:5    | Noticed an orb of fire
 52384 | Zot:5    | Killed an orb of fire
 52395 | Zot:5    | Noticed an ancient lich
 52398 | Zot:5    | Noticed a Killer Klown
 52400 | Zot:5    | Noticed an orb of fire
 52400 | Zot:5    | Noticed a Killer Klown
 52406 | Zot:5    | Noticed a Killer Klown
 52409 | Zot:5    | Noticed a Killer Klown
 52409 | Zot:5    | Noticed a Killer Klown
 52424 | Zot:5    | Noticed an orb of fire
 52426 | Zot:5    | Noticed a Killer Klown
 52444 | Zot:5    | Noticed a Killer Klown
 52446 | Zot:5    | Gained mutation: You often lose your temper in combat. [an
                  | orb of fire]
 52454 | Zot:5    | Killed a Killer Klown
 52457 | Zot:5    | Noticed a juggernaut
 52457 | Zot:5    | a Killer Klown changed into a juggernaut
 52486 | Zot:5    | Gained mutation: Scrolls take you longer to read. [an orb
                  | of fire]
 52494 | Zot:5    | Gained mutation: Your magical capacity is low. (-10% MP)
                  | [an orb of fire]
 52499 | Zot:5    | Gained mutation: Your body sometimes deteriorates upon
                  | taking damage. [an orb of fire]
 52500 | Zot:5    | Killed an orb of fire
 52523 | Zot:5    | Gained mutation: Scrolls take you much longer to read.
                  | [mutagenic glow]
 52529 | Zot:5    | Gained mutation: Your magical capacity is very low. (-20%
                  | MP) [an orb of fire]
 52531 | Zot:5    | Reached skill level 17 in Evocations
 52540 | Zot:5    | Gained mutation: Your spells are a little easier to cast,
                  | but a little less powerful. [an orb of fire]
 52541 | Zot:5    | Killed an ancient lich
 52544 | Zot:5    | Killed a juggernaut
 52544 | Zot:5    | Reached skill level 18 in Evocations
 52548 | Zot:5    | Gained mutation: Your body often deteriorates upon taking
                  | damage. [an orb of fire]
 52549 | Zot:5    | Gained mutation: You are very dopey. (Int -4) [an orb of
                  | fire]
 52550 | Zot:5    | Reached XP level 26. HP: 304/304 MP: 0/0
 52551 | Zot:5    | Gained mutation: You have an uncontrollable temper. [an orb
                  | of fire]
 52554 | Zot:5    | Gained mutation: You are very weak. (Str -4) [an orb of
                  | fire]
 52560 | Zot:5    | Gained mutation: You are very clumsy. (Dex -4) [an orb of
                  | fire]
 52561 | Zot:5    | Gained mutation: You sometimes yell uncontrollably at your
                  | foes. [an orb of fire]
 52565 | Zot:5    | Killed an orb of fire
 52567 | Zot:5    | Reached skill level 19 in Evocations
 52584 | Zot:5    | Noticed a juggernaut
 52584 | Zot:5    | a Killer Klown changed into a juggernaut
 52593 | Zot:5    | Killed a juggernaut
 52617 | Zot:5    | Reached skill level 20 in Evocations
 52678 | Zot:5    | Lost mutation: You are robust. (+10% HP) [an orb of fire]
 52682 | Zot:5    | Gained mutation: Armour fits poorly on your strangely
                  | shaped body. [an orb of fire]
 52691 | Zot:5    | Lost mutation: You have an uncontrollable temper. [an orb
                  | of fire]
 52726 | Zot:5    | Gained mutation: Potions are less effective at restoring
                  | your health. [an orb of fire]
 52727 | Zot:5    | Gained mutation: Your magical capacity is extremely low.
                  | (-30% MP) [an orb of fire]
 52729 | Zot:5    | Killed an orb of fire
 52783 | Zot:4    | Lost mutation: Your spells are a little easier to cast, but
                  | a little less powerful. [potion of mutation]
 52783 | Zot:4    | Lost mutation: You are very weak. (Str -4) [potion of
                  | mutation]
 52783 | Zot:4    | Lost mutation: Your magical capacity is extremely low.
                  | (-30% MP) [potion of mutation]
 52783 | Zot:4    | Lost mutation: You are very clumsy. (Dex -4) [potion of
                  | mutation]
 52783 | Zot:4    | Lost mutation: You are very dopey. (Int -4) [potion of
                  | mutation]
 52784 | Zot:4    | Lost mutation: You sometimes yell uncontrollably at your
                  | foes. [potion of mutation]
 52784 | Zot:4    | Lost mutation: Your body often deteriorates upon taking
                  | damage. [potion of mutation]
 52784 | Zot:4    | Gained mutation: You are resistant to electric shocks.
                  | (rElec) [potion of mutation]
 53254 | D:10     | Found a runed translucent gate.
 53254 | D:10     | Found a runed translucent gate.
 53261 | D:10     | Found a runed translucent gate.
 53261 | D:10     | Noticed TheDeathLetter's ghost (journeyman MiFi)
 53283 | D:10     | Killed TheDeathLetter's ghost
 53371 | D:10     | Gained mutation: You sometimes yell uncontrollably at your
                  | foes. [mutagenic glow]
 53457 | D:14     | Killed Cicylist's ghost
 53592 | Crypt:1  | Entered Level 1 of the Crypt
 53624 | Crypt:1  | Noticed an ancient lich
 53652 | Crypt:1  | Found a transporter.
 53665 | Crypt:1  | Reached skill level 21 in Evocations
 53924 | Crypt:1  | Found a transporter.
 53926 | Crypt:1  | Noticed an ancient lich
 54374 | Crypt:2  | Reached skill level 22 in Evocations
 55026 | Crypt:2  | Found a basalt altar of Yredelemnul.
 55129 | Crypt:3  | Entered Level 3 of the Crypt
 55254 | Crypt:3  | Reached skill level 23 in Evocations
 55642 | Crypt:3  | Noticed Khufu
 55644 | Crypt:3  | Noticed a greater mummy
 55659 | Crypt:3  | Killed Khufu
 55829 | Crypt:3  | Reached skill level 24 in Evocations
 55961 | Crypt:3  | Reached XP level 27. HP: 211/285 MP: 2/2
 56128 | Crypt:3  | Noticed an ancient lich
 56168 | Crypt:3  | Killed an ancient lich
 56607 | Depths:4 | Voluntarily entered the Abyss.
 57026 | Abyss:1  | Reached skill level 25 in Evocations
 57177 | Depths:4 | Escaped the Abyss
 57612 | Vaults:4 | Identified a scroll of acquirement
 57613 | Vaults:4 | Got a shimmering ruby amulet
 57617 | Vaults:4 | Identified the amulet of Fasuf {+Rage Dex+4} (You acquired
                  | it on level 4 of the Vaults)
 57630 | Vaults:5 | Entered Level 5 of the Vaults
 57676 | Vaults:5 | Reached skill level 26 in Evocations
 57923 | Vaults:5 | Got a silver rune of Zot
 58293 | Vaults:5 | Reached skill level 27 in Evocations
 58938 | Vaults:5 | Identified the ring of Rationality {rElec rPois MP+9 Str+2}
 59638 | Vaults:5 | Learned a level 8 spell: Controlled Blink
 59641 | Vaults:5 | Learned a level 2 spell: Passwall
 60036 | Depths:4 | Voluntarily entered the Abyss.
 60691 | Abyss:1  | Gained mutation: You frequently scream uncontrollably at
                  | your foes. [a neqoxec]
 61616 | Abyss:2  | Gained mutation: You are very dopey. (Int -4) [a neqoxec]
 61820 | Abyss:2  | Paralysed by accursed screaming for 1 turns
 61881 | Abyss:2  | Paralysed by accursed screaming for 1 turns
 61942 | Abyss:3  | Noticed an ancient lich
 61943 | Abyss:3  | Found a radiant altar of Vehumet.
 61953 | Abyss:3  | Killed an ancient lich
 62011 | Abyss:3  | Found a glowing golden altar of the Shining One.
 62041 | Abyss:3  | Gained mutation: Your spells are a little easier to cast,
                  | but a little less powerful. [a neqoxec]
 62089 | Abyss:3  | Noticed a juggernaut
 62103 | Abyss:3  | Killed a juggernaut
 62107 | Abyss:3  | Got an abyssal rune of Zot
 62132 | Abyss:3  | Found a glowing golden altar of the Shining One.
 62210 | Depths:4 | Escaped the Abyss
 62491 | Depths:2 | Bought a fan of gales for 720 gold pieces
 62491 | Depths:2 | Bought a phial of floods for 720 gold pieces
 62749 | Zot:5    | Lost mutation: You are weak. (Str -2) [potion of mutation]
 62749 | Zot:5    | Lost mutation: Scrolls take you much longer to read.
                  | [potion of mutation]
 62749 | Zot:5    | Lost mutation: Your spells are a little easier to cast, but
                  | a little less powerful. [potion of mutation]
 62750 | Zot:5    | Lost mutation: Your magical capacity is very low. (-20% MP)
                  | [potion of mutation]
 62750 | Zot:5    | Lost mutation: Your magical capacity is low. (-10% MP)
                  | [potion of mutation]
 62750 | Zot:5    | Gained mutation: You are partially covered in iridescent
                  | scales. (AC +2) [potion of mutation]
 63677 | Zot:5    | Got the Orb of Zot
 63683 | Zot:5    | Cast into level 5 of the Abyss (the power of Zot)
 63683 | Abyss:5  | Entered Level 5 of the Abyss
 63696 | Zot:5    | Escaped the Abyss
 64003 | Depths:5 | Noticed Yrhaoniud the pandemonium lord
 64093 | Depths:4 | Lost mutation: Armour fits poorly on your strangely shaped
                  | body. [potion of mutation]
 64093 | Depths:4 | Lost mutation: Scrolls take you longer to read. [potion of
                  | mutation]
 64093 | Depths:4 | Lost mutation: Scrolls take you a little longer to read.
                  | [potion of mutation]
 64093 | Depths:4 | Lost mutation: You are resistant to electric shocks.
                  | (rElec) [potion of mutation]
 64093 | Depths:4 | Gained mutation: You can translocate small distances at
                  | will. [potion of mutation]
 64094 | Depths:4 | Lost mutation: You often lose your temper in combat.
                  | [potion of mutation]
 64094 | Depths:4 | Lost mutation: You tend to lose your temper in combat.
                  | [potion of mutation]
 64094 | Depths:4 | Lost mutation: You expend magic power (3 MP) to strengthen
                  | your wands. [potion of mutation]
 64094 | Depths:4 | Gained mutation: You have a pair of small horns on your
                  | head. [potion of mutation]
 64094 | Depths:4 | Gained mutation: Your muscles are strong. (Str +2) [potion
                  | of mutation]
 64165 | Depths:1 | Noticed a seraph
 64372 | D:11     | Noticed Sonja
 64537 | D:1      | Noticed Huraicujo the pandemonium lord
 64559 | D:$      | Escaped with the Orb!

Skill      XL: |  1  2  3  4  5  6  7  8  9 10 11 12 13 14 15 16 17 18 19 20 21 22 23 24 25 26 27 |
---------------+----------------------------------------------------------------------------------+-----
Fighting       | 2 3 4 5 6 7 8 9 11 13 15 16 17 19 20 21 22 23 24 25 | 25.1
Axes           | 1 4 5 8 11 13 14 16 18 | 18.8
Evocations     | 1 3 5 6 8 12 13 16 18 24 27 | 27.0
Armour         | 4 7 8 9 10 12 13 14 17 21 | 21.3
Shields        | 4 7 8 9 11 13 15 16 18 20 22 | 22.2
Invocations    | 3 8 11 13 14 | 14.5
Dodging        | 4 6 7 14 16 | 16.0
Throwing       | |  3.6
Stealth        | |  1.2

Action                   |  1- 3 |  4- 6 |  7- 9 | 10-12 | 13-15 | 16-18 | 19-21 | 22-24 | 25-27 || total
-------------------------+-------+-------+-------+-------+-------+-------+-------+-------+-------++-------
Melee: Short sword       |   181 |   120 |       |       |       |       |       |       |       ||   301
       Hand axe          |       |    32 |   339 |   982 |   423 |       |       |       |       ||  1776
       Broad axe         |       |       |       |       |   909 |  1663 |  1380 |  1910 |  3257 ||  9119
       Headbutt          |       |       |       |       |       |       |       |       |    16 ||    16
Invok: Lesser Servant of |       |       |       |       |    10 |       |     1 |       |       ||    11
       Greater Servant o |       |       |       |       |       |       |     3 |     7 |       ||    10
 Abil: Heal Wounds       |     1 |     6 |    13 |     8 |    23 |     5 |     4 |    41 |    37 ||   138
Evoke: Wand              |       |       |     1 |    13 |     3 |     2 |     3 |     2 |     7 ||    31
  Use: Scroll            |     5 |     2 |     5 |    13 |    20 |    12 |     7 |    22 |    17 ||   103
       Potion            |       |       |       |       |     6 |     3 |     1 |    14 |    35 ||    59
 Stab: Sleeping          |     1 |       |       |       |       |       |       |     1 |       ||     2
       Distracted        |       |       |       |       |     6 |       |     4 |       |     2 ||    12
       Confused          |       |       |       |       |     1 |     2 |       |     2 |       ||     5
       Invisible         |       |       |       |       |       |       |       |     2 |       ||     2
       Paralysed         |       |       |       |       |       |       |       |     2 |       ||     2
  Eat: Chunk             |     2 |     6 |    20 |    21 |    36 |    31 |    19 |    12 |     7 ||   154
       Ration            |       |       |       |       |       |       |       |     9 |    17 ||    26
Armor: Leather armour    |    10 |       |       |       |       |       |       |       |       ||    10
       Ring mail         |    60 |    38 |       |       |       |       |       |       |       ||    98
       Chain mail        |       |    10 |    82 |       |       |     5 |   601 |   403 |       ||  1101
       Plate armour      |       |       |    48 |   401 |   725 |  1019 |       |       |       ||  2193
       Acid dragon scale |       |       |       |       |       |       |       |   323 |       ||   323
       Gold dragon scale |       |       |       |       |       |       |       |   225 |  1056 ||  1281
       Skin              |       |       |       |       |       |       |       |       |     1 ||     1
Dodge: Dodged            |   115 |    50 |    62 |   148 |   398 |   454 |   312 |   684 |   723 ||  2946
Block: Shield            |    14 |    62 |   109 |   369 |   849 |   690 |       |       |       ||  2093
       Large shield      |       |       |       |       |       |  1132 |  1828 |  2674 |  4208 ||  9842
       Reflection        |       |       |       |       |       |       |    93 |    60 |    98 ||   251
